 Dungeon Crawl Stone Soup version 0.27-a0-1287-gca74d27db6 (webtiles) character file.

Game seed: 4779154695645289147

135 bande the Shield-Bearer (level 5, -8/33 HPs)
             Began as a Gargoyle Fighter on June 14, 2021.
             Mangled by a kobold brigand (14 damage)
             ... on level 3 of the Dungeon.
             The game lasted 00:04:55 (3463 turns).

bande the Shield-Bearer (Gargoyle Fighter)          Turns: 3463, Time: 00:04:55

Health: -8/33      AC: 12    Str: 19    XL:     5   Next: 18%
Magic:  5/5        EV:  7    Int:  9    God:
Gold:   151        SH:  9    Dex: 10    Spells: 4/4 levels left

rFire    . . .     SeeInvis +   a - +0 war axe
rCold    . . .     Faith    .   c - +0 kite shield
rNeg     + . .     Spirit   .   b - +0 scale mail
rPois    ∞         Reflect  .   k - +0 helmet
rElec    +         Harm     .   (no cloak)
rCorr    .         Rampage  .   (no gloves)
Will     .....                  (no boots)
Stlth    ..........             (no amulet)
HPRegen  0.11/turn              i - +4 ring of slaying
MPRegen  0.09/turn              j - ring of see invisible

@: no status effects
A: sickness immunity, AC +4, negative energy resistance 1, electricity
resistance, torment resistance 1, petrification resistance
a: no special abilities


You were on level 3 of the Dungeon.
You visited 1 branch of the dungeon, and saw 3 of its levels.

You collected 151 gold pieces.

Inventory:

Hand Weapons
 a - a +0 war axe (weapon)
 f - a +2 vorpal flail
Armour
 b - a +0 scale mail (worn)
 c - a +0 kite shield (worn)
 k - a +0 helmet (worn)
Jewellery
 i - a +4 ring of slaying (left hand)
 j - a ring of see invisible (right hand)
Scrolls
 g - 3 scrolls of identify
 h - a scroll of magic mapping
Potions
 d - a potion of might
 e - a potion of curing


   Skills:
 + Level 3.9 Fighting
 + Level 3.0 Axes
 + Level 3.9 Armour
 + Level 0.8 Dodging
 + Level 4.3 Shields


You had 4 spell levels left.
You didn't know any spells.
Your spell library contained the following spells:

 Spells                   Type           Power      Damage    Failure   Level
 Freeze                   Ice            0%         1d3       99%         1
 Summon Small Mammal      Summ           0%         N/A       99%         1
 Summon Lightning Spire   Summ/Air       0%         N/A       100%        4
 Malign Gateway           Summ/Tloc      0%         N/A       100%        7
 Ozocubu's Refrigeration  Ice            0%         4d5       100%        7


Dungeon Overview and Level Annotations

Branches:
Dungeon (3/15)

Altars:
Elyvilon

Annotations:
D:3 relicbr's ghost, amateur DEFE


Innate Abilities, Weirdness & Mutations

You are immune to sickness and miasma.
Your stone body is resilient. (AC +4)
You are immune to poison.
You resist negative energy. (rN+)
You are resistant to electric shocks. (rElec)
You are resistant to unholy torment.
You are immune to petrification.


Message History

The kobold brigand throws a curare-tipped dart.
You block the curare-tipped dart.
There is a stone staircase leading up here.
The kobold brigand throws a curare-tipped dart.
The curare-tipped dart barely misses you.
The kobold brigand throws a curare-tipped dart.
The curare-tipped dart closely misses you.
The kobold brigand hits you with a +0 short sword of distortion!
Space bends around you. The kobold barely misses you.
You hit the kobold but do no damage. You hit the kobold brigand.
The kobold brigand hits you with a +0 short sword of distortion.
You blink.
You block the kobold's attack.
Relicbr's ghost says very slowly, "There's no hope."
There is a stone staircase leading up here.
You slash the kobold!
You kill the kobold!
You climb upwards.
There is a stone staircase leading down here.
You start resting.
HP restored.
You climb downwards.
Level annotation: relicbr's ghost, amateur DEFE The kobold brigand hits you with a +0 short sword of distortion.
Space warps horribly around you!!
Ouch! That really hurt!
The kobold brigand hits you with a +0 short sword of distortion!
* * * LOW HITPOINT WARNING * * *
You blink.
You can't go up here!
A kobold brigand is nearby!
A kobold brigand is nearby!
A kobold brigand is nearby!
The kobold zaps a wand.
You resist with some effort. You block the kobold brigand's attack.
Your shield prevents you from hitting the kobold.
You closely miss the kobold brigand. The kobold barely misses you.
The kobold brigand hits you but does no damage.
Space warps horribly around you!
You die...

#.##..)..# #.#
#.####.##########.# #.#
#.# #.......# #.####.#
#.####### #...##.# #.#
###.##.# #.#
#.##.####.#######
#....K..........# #
####@####.#####.# #
##K## #.# #.# #
#######.K.###.# #.#
#########.KKK)K.......#
#.#
K..KK...KW######.######
#.# ########### #.# #.#
# #.# #.# # #.# #.# #
#.# #.#


You could see a kobold brigand and 3 kobolds.

Vanquished Creatures
  Robin (D:3)
  5 adders
  3 worms
  A dart slug (D:3)
  An orc (D:2)
  6 ball pythons
  6 endoplasms
  2 giant cockroaches (D:1)
  15 goblins
  7 hobgoblins
  7 kobolds
  A quokka (D:1)
  3 bats
  3 frilled lizards
  5 rats
66 creatures vanquished.

Notes
Turn   | Place    | Note
-------+----------+-------------------------------------------
     0 | D:1      | bande the Gargoyle Fighter began the quest for the Orb.
     0 | D:1      | Reached XP level 1. HP: 14/14 MP: 1/1
   123 | D:1      | Reached XP level 2. HP: 17/19 MP: 2/2
   820 | D:2      | Reached XP level 3. HP: 22/23 MP: 3/3
  1545 | D:2      | Reached skill level 4 in Shields
  1545 | D:2      | Reached XP level 4. HP: 24/29 MP: 4/4
  1754 | D:2      | Identified the Volume of Frigorific Illusion
  1811 | D:2      | Found a faded altar of an unknown god.
  2505 | D:3      | Noticed Robin
  2530 | D:3      | Reached XP level 5. HP: 22/33 MP: 5/5
  2536 | D:3      | Killed Robin
  2939 | D:3      | Found a runed translucent gate.
  2940 | D:3      | Found a runed translucent gate.
  2940 | D:3      | Noticed relicbr's ghost (amateur DEFE)
  2940 | D:3      | Noticed a kobold brigand
  2941 | D:3      | Found a runed translucent gate.
  3068 | D:3      | Found a white marble altar of Elyvilon.
  3463 | D:3      | Mangled by a kobold brigand

Illustrated notes

Levels and vault maps discovered:
D:1:      sevenhm_arrival_forest_fort_small_3, layout_loops_ring,
          minmay_misc_feat_four_crosses
D:2:      layout_basic, hellmonk_ecumenical_altar_inner_sanctum,
          minmay_stone_trees_medium, minmay_pentomino_t2
D:3:      layout_loops_ring, nicolae_overflow_crystal_walls,
          gammafunk_ghost_nasty_kobolds, uniq_robin

Skill      XL: |  1  2  3  4  5 |
---------------+----------------+-----
Axes           | 2 3 |  3.0
Shields        | 4 |  4.3
Fighting       | |  3.9
Armour         | |  3.9
Dodging        | |  0.8

Action                   |  1- 3 |  4- 6 || total
-------------------------+-------+-------++-------
Melee: War axe           |   120 |    96 ||   216
  Use: Scroll            |     2 |     2 ||     4
Armor: Scale mail        |    51 |    47 ||    98
Dodge: Dodged            |    33 |    47 ||    80
Block: Kite shield       |    69 |    60 ||   129

Table legend: (Time is in decaauts)
 A = Elapsed time spent in this place.
 B = Non-inter-level travel time spent in this place.
 C = Inter-level travel time spent in this place.
 D = Time resting spent in this place.
 E = Time spent auto-exploring this place.
 F = Levels seen in this place.
 G = Mean time per level.
                   A        B        C        D        E       F      G
               +--------+--------+--------+--------+--------+-----+--------+
         Total |   3591 |   3558 |     33 |    291 |   2616 |   3 | 1197.0 |
       Dungeon |   3591 |   3558 |     33 |    291 |   2616 |   3 | 1197.0 |
               +--------+--------+--------+--------+--------+-----+--------+

Top non-repeatable levels by time:
     D:2: 1503 daAuts
     D:3: 1247 daAuts
     D:1: 840 daAuts
